 Dungeon Crawl Stone Soup version 0.19.0-19-g8c6edcc (webtiles) character file.

3082 Monsterracer the Covert (level 9, 0/39 HPs)
             Began as a Spriggan Enchanter on Nov 13, 2016.
             Was a Priest of Dithmenos.
             Slain by a killer bee (6 damage)
             ... on level 7 of the Dungeon.
             The game lasted 00:55:10 (8901 turns).

Monsterracer the Covert (Spriggan Enchanter)        Turns: 8901, Time: 00:55:10

Health: 0/39       AC:  5    Str:  4    XL:     9   Next: 58%
Magic:  15/22      EV: 22    Int: 20    God:    Dithmenos [***...]
Gold:   217        SH:  0    Dex: 16    Spells: 5 memorised, 12 levels left

rFire  + . .     SeeInvis +     v - +0 dagger (venom)
rCold  . . .     Gourm    .     m - +2 robe {MR+}
rNeg   . . .     Faith    .     (shield restricted)
rPois  +         Spirit   .     A - +0 hat of Hik Pol {rPois rF+} (curse)
rElec  .         Reflect  .     z - +0 cloak
rCorr  .         Harm     .     (gloves unavailable)
MR     ++...                    (boots unavailable)
Stlth  ++++++++..               (no amulet)
                                (no ring)
                                y - ring of stealth

@: lethally poisoned (0 -> -1), regenerating, wreathed by umbra, very quick
A: unfitting armour, see invisible, herbivore 3, speed 3, slow metabolism 2
a: Shadow Step, Renounce Religion


You were on level 7 of the Dungeon.
You worshipped Dithmenos.
Dithmenos was most pleased with you.
You were not hungry.

You visited 1 branch of the dungeon, and saw 8 of its levels.
You also visited: Sewer.

You collected 455 gold pieces.
You spent 238 gold pieces at shops.

Inventory:

Hand Weapons
 v - a +0 dagger of venom (weapon)
Armour
 m - a +2 robe of magic resistance (worn)
 z - a +0 cloak (worn)
 A - the cursed +0 hat of Hik Pol (worn) {rPois rF+}
   (You found it on level 6 of the Dungeon)

   It protects you from fire.
   It protects you from poison.
   It has a curse placed upon it.
Jewellery
 y - a ring of stealth (left hand)
Wands
 x - a wand of slowing (39/48)
Scrolls
 a - 2 scrolls of immolation {unknown}
 b - 2 scrolls of torment {unknown}
 c - 2 scrolls of random uselessness {unknown}
 e - 6 scrolls of amnesia {unknown}
 f - 3 scrolls of recharging {unknown}
 g - 3 scrolls of fog {unknown}
 h - 7 scrolls of identify
 i - 4 scrolls of noise {unknown}
 j - 6 scrolls of magic mapping {unknown}
 k - 5 scrolls of remove curse {unknown}
 l - 2 scrolls of fear {unknown}
 o - 5 scrolls of teleportation
 p - 2 scrolls of enchant armour {unknown}
 t - 4 scrolls of blinking {unknown}
 u - 2 scrolls of enchant weapon {unknown}
Potions
 n - 2 potions of agility
 q - 3 potions of berserk rage
 r - a potion of cancellation
 s - 2 potions of heal wounds
 w - a potion of brilliance
Comestibles
 d - 9 bread rations
 B - 3 fruits


   Skills:
 + Level 4.4 Short Blades
 + Level 7.1 Dodging
 + Level 11.6 Stealth
 - Level 8.0 Spellcasting
 * Level 9.0 Hexes
 + Level 3.5 Charms


You had 12 spell levels left.
You knew the following spells:

 Your Spells              Type           Power        Failure   Level  Hunger
a - Corona                Hex            #####..      1%          1    None
b - Ensorcelled Hibernat  Hex/Ice        ####..       1%          2    None
c - Confuse               Hex            #####...     1%          3    None
d - Tukima's Dance        Hex            #####...     1%          3    None
e - Regeneration          Chrm/Necr      ###.......   14%         3    None


Dungeon Overview and Level Annotations

Branches:
Dungeon (8/15)             Temple (0/1) D:6
   Lair: D:8-11

Altars:
Dithmenos
Makhleb
Nemelex Xobeh
Qazlal
Trog
Uskayaw
Xom

Shops:
D:5 ?   D:6 ?

Annotations:
D:5 1 runed door
D:8 heinrich's ghost, novice TrMo


Innate Abilities, Weirdness & Mutations

You are very small and have problems with some larger weapons.
You are too small for most types of armour.
You have supernaturally acute eyesight. (SInv)
You are a herbivore.
You cover ground extremely quickly.
You need consume almost no food.


Message History

Casting: Regeneration
Confirm with . or Enter, or press ? or * to list all spells.
Aiming: Ensorcelled Hibernation
Press: ? - help, Shift-Dir - straight line, f - killer bee
Aim: a killer bee (umbra, chance to defeat MR: 64%)
The killer bee looks drowsy...
You feel sick. The killer bee misses you. The killer bee closely misses you.
The helpless killer bee fails to defend itself.
You stick the killer bee like a pincushion!!!
You kill the killer bee!
Dithmenos accepts your kill.
You feel sick. The killer bee misses you.
Casting: Ensorcelled Hibernation
Confirm with . or Enter, or press ? or * to list all spells.
Aiming: Ensorcelled Hibernation
Press: ? - help, Shift-Dir - straight line, f - killer bee
Aim: a killer bee (umbra, chance to defeat MR: 64%)
The killer bee resists with significant effort.
You feel sick. The killer bee barely misses you. The killer bee stings you.
You die...

..)..## ##......#..### .....#
#..####.#....## .....#####..#
##.......#####
######.....####[[..........###
##.....###.# #...............#
##.######..# #..........##...#
..........## #...>......######
...######## #..†y......# [###
##.>@†......# ##
##..........##
######)...........#
#######..):>)#......)...#
........######..........#
##.###### #..........#
##.###########..........#
##..........###........##
##..........# ##......##


You could see a killer bee.

Vanquished Creatures
  Maurice (D:8)
  Menkaure (D:7)
  A sky beast (D:7)
  A black bear (D:8)
  3 ogres
  4 centaurs
  A phantom (D:6)
  4 bullfrogs
  3 scorpions
  9 killer bees
  A crimson imp (D:5)
  A bullfrog zombie (D:5)
  3 hounds
  3 orc priests
  2 jellies (D:5)
  4 orc wizards
  2 iguanas
  6 worker ants
  11 gnolls
  A worker ant zombie (D:5)
  8 adders
  6 river rats (Sewer)
  2 shadow imps
  An ooze (D:3)
  An adder skeleton (D:5)
  An adder zombie (D:7)
  4 worms
  4 dart slugs
  7 leopard geckos
  23 orcs
  12 giant cockroaches
  3 goblins
  6 hobgoblins
  5 kobolds
  3 quokkas
  7 ball pythons
  5 bats
  8 frilled lizards
  A jackal zombie (D:5)
  A leopard gecko zombie (D:7)
  A quokka skeleton (D:7)
  19 rats
190 creatures vanquished.

Notes
Turn   | Place    | Note
-------+----------+-------------------------------------------
     0 | D:1      | Monsterracer the Spriggan Enchanter began the quest for the Orb.
     0 | D:1      | Reached XP level 1. HP: 9/9 MP: 5/5
   188 | D:1      | Reached XP level 2. HP: 6/13 MP: 7/7
   192 | D:1      | Learned a level 2 spell: Ensorcelled Hibernation
   556 | D:1      | Reached skill level 5 in Stealth
   636 | D:2      | Found a sparkling altar of Nemelex Xobeh.
   636 | D:2      | Found a hide-covered altar of Uskayaw.
   636 | D:2      | Found a shimmering altar of Xom.
   717 | D:2      | Found a shadowy altar of Dithmenos.
   732 | D:2      | Reached XP level 3. HP: 16/16 MP: 1/9
   733 | D:2      | Became a worshipper of Dithmenos the Shadowed
  1366 | D:2      | Learned a level 3 spell: Confuse
  1473 | D:2      | Found a burning altar of Makhleb.
  1477 | D:2      | Reached XP level 4. HP: 21/21 MP: 8/11
  1873 | D:1      | Learned a level 3 spell: Tukima's Dance
  2379 | D:3      | Reached XP level 5. HP: 24/24 MP: 12/12
  2423 | D:3      | Noticed a moth of wrath
  2428 | D:3      | Reached * piety under Dithmenos
  2433 | D:3      | Found a bloodstained altar of Trog.
  2535 | D:3      | Found a stormy altar of Qazlal.
  2596 | D:3      | Found a glowing drain.
  2610 | Sewer    | Entered a sewer
  2874 | Sewer    | Reached skill level 6 in Stealth
  3069 | Sewer    | Reached skill level 5 in Spellcasting
  3163 | Sewer    | Reached skill level 5 in Hexes
  4310 | D:4      | Reached ** piety under Dithmenos
  4312 | D:4      | Reached XP level 6. HP: 28/28 MP: 10/15
  4806 | D:5      | Entered Level 5 of the Dungeon
  5126 | D:5      | Reached skill level 7 in Stealth
  5608 | D:5      | Reached XP level 7. HP: 32/32 MP: 15/17
  5759 | D:5      | Reached skill level 8 in Stealth
  6006 | D:5      | Found a runed door.
  6016 | D:5      | Found a runed door.
  6292 | D:5      | Reached XP level 8. HP: 36/36 MP: 19/19
  6436 | D:5      | Reached skill level 9 in Stealth
  6518 | D:5      | Found Inaholas's Magic Scroll Shoppe.
  6521 | D:5      | Bought a scroll of teleportation for 42 gold pieces
  6521 | D:5      | Bought a scroll of identify for 28 gold pieces
  6521 | D:5      | Bought a scroll of identify for 28 gold pieces
  6521 | D:5      | Bought a scroll of teleportation for 42 gold pieces
  6521 | D:5      | Bought a scroll of identify for 28 gold pieces
  6521 | D:5      | Bought a scroll of identify for 28 gold pieces
  6521 | D:5      | Bought a scroll of teleportation for 42 gold pieces
  6930 | D:6      | Got a fine hat
  6936 | D:6      | Identified the cursed +0 hat of Hik Pol {rPois rF+} (You found it on level 6 of the Dungeon)
  7036 | D:6      | Found Novemm's Magic Scroll Emporium.
  7276 | D:6      | Found a staircase to the Ecumenical Temple.
  7299 | D:6      | Reached skill level 5 in Dodging
  7417 | D:6      | Reached skill level 10 in Stealth
  7802 | D:7      | Reached *** piety under Dithmenos
  7828 | D:7      | Noticed Menkaure
  7842 | D:7      | Killed Menkaure
  7847 | D:7      | Reached XP level 9. HP: 39/39 MP: 10/22
  8006 | D:7      | Learned a level 3 spell: Regeneration
  8014 | D:8      | Reached skill level 11 in Stealth
  8026 | D:7      | Reached skill level 1 in Charms
  8254 | D:8      | Noticed heinrich's ghost (novice TrMo)
  8790 | D:8      | Noticed Maurice
  8796 | D:8      | Killed Maurice
  8901 | D:7      | Slain by a killer bee

Skill      XL: |  1  2  3  4  5  6  7  8  9 |
---------------+----------------------------+-----
Spellcasting   | 3 4 5 6 7 8 |  8.0
Stealth        | 5 6 7 8 10 11 | 11.6
Hexes          | 4 5 6 7 9 |  9.0
Short Blades   | 2 3 4 |  4.4
Dodging        | 4 5 7 |  7.1
Charms         | 3 |  3.5

Action                   |  1- 3 |  4- 6 |  7- 9 || total
-------------------------+-------+-------+-------++-------
Melee: Dagger            |    82 |   294 |   277 ||   653
 Cast: Ensorcelled Hiber |    13 |    69 |    65 ||   147
       Corona            |     1 |     3 |     3 ||     7
       Confuse           |       |     1 |     8 ||     9
       Regeneration      |       |       |     2 ||     2
  Use: Potion            |     4 |     6 |     3 ||    13
 Stab: Sleeping          |    21 |    50 |    58 ||   129
       Confused          |       |     1 |     4 ||     5
       Distracted        |       |     1 |     3 ||     4
  Eat: Fruit             |       |     2 |       ||     2
       Bread ration      |       |     1 |       ||     1
Armor: Robe              |     4 |    14 |    21 ||    39
       Skin              |       |       |    16 ||    16
Dodge: Dodged            |    57 |   247 |   302 ||   606
